 Dungeon Crawl Stone Soup version 0.30.1-11-g7821555f0a (webtiles) character file.

Game seed: 7549448892047335471

1636 Peloso the Carver (level 8, -4/73 HPs)
             Began as a Minotaur Fighter on Dec 11, 2023.
             Engulfed by a steam dragon's steam (5 damage)
             ... on level 5 of the Dungeon.
             The game lasted 00:10:40 (3970 turns).

Peloso the Carver (Minotaur Fighter)                Turns: 3970, Time: 00:10:41

Health: -4/73      AC: 10    Str: 20    XL:     8   Next: 66%
Magic:  7/7        EV:  8    Int:  5    God:
Gold:   311        SH:  5    Dex: 13    Spells: 7/7 levels left

rFire   . . .        a - +0 long sword
rCold   + . .        d - +0 buckler
rNeg    . . .        c - +0 chain mail
rPois   +            (helmet restricted)
rElec   .            (no cloak)
rCorr   .            (no gloves)
SInv    .            (no boots)
Will    .....        (no amulet) Stlth
                     h - ring of protection from cold
HPRegen 0.32/turn    m - ring of poison resistance
MPRegen 0.10/turn

%: no passive effects
@: no status effects
A: horns 2, retaliatory headbutt
a: no special abilities


You were on level 5 of the Dungeon.
You visited 1 branch of the dungeon, and saw 5 of its levels.
You also visited: Ossuary.

You collected 311 gold pieces.

Inventory:

Hand Weapons
 a - a +0 long sword (weapon)
Armour
 b - a +0 scale mail
 c - a +0 chain mail (worn)
 d - a +0 buckler (worn)
Jewellery
 h - a ring of protection from cold (left hand)
 m - a ring of poison resistance (right hand)
 p - a ring of flight
 t - a ring of ice
Wands
 n - a wand of charming (11)
 r - a wand of flame (13)
Scrolls
 e - a scroll of magic mapping
 i - a scroll of immolation
 l - 2 scrolls of noise
 q - 3 scrolls of teleportation
 s - a scroll of enchant weapon
 x - a scroll of fear
 y - a scroll of identify
Potions
 f - 3 potions of heal wounds
 g - 3 potions of ambrosia
 j - 4 potions of haste
 k - 5 potions of curing
 o - a potion of might
 u - a potion of mutation
 v - a potion of lignification
 w - 2 potions of brilliance {unknown}
 z - 2 potions of flight {unknown}
 A - a potion of berserk rage {unknown}
 B - 2 potions of cancellation {unknown}


   Skills:
 + Level 7.0 Fighting
 + Level 8.9 Long Blades
 + Level 6.5 Armour
 + Level 2.2 Dodging
 + Level 0.6 Stealth
 + Level 5.9 Shields
 + Level 0.4 Evocations


You had 7 spell levels left.
You didn't know any spells.
Your spell library contained the following spells:

 Spells                   Type           Power      Damage    Failure   Level
 Magic Dart               Conj           0%         1d3       99%         1
 Blink                    Tloc           0%         N/A       100%        2
 Call Imp                 Summ           0%         N/A       100%        2
 Cigotuvi's Dreadful Rot  Necr/Pois/Air  0%         N/A       100%        2
 Lesser Beckoning         Tloc           0%         N/A       100%        2
 Gell's Gravitas          Tloc           0%         N/A       100%        3
 Mephitic Cloud           Conj/Pois/Air  0%         N/A       100%        3
 Ozocubu's Armour         Ice            0%         N/A       100%        3
 Teleport Other           Tloc           0%         N/A       100%        3
 Dispel Undead            Necr           0%         3d6       100%        4
 Manifold Assault         Tloc           0%         N/A       100%        4
 Metabolic Englaciation   Hex/Ice        0%         N/A       100%        5
 Death Channel            Necr           0%         N/A       100%        6
 Simulacrum               Ice/Necr       0%         N/A       100%        6
 Storm Form               Tmut/Air       0%         N/A       100%        7


Dungeon Overview and Level Annotations

Branches:
Dungeon (5/15)            Ossuary (visited)
 Temple: D:4-7

Altars:
Cheibriados
Nemelex Xobeh
Ru
Uskayaw
The Shining One

Annotations:
D:5 2 transporters, mihai's ghost, novice DECj


Innate Abilities, Weirdness & Mutations

You have a pair of horns on your head.
You reflexively headbutt those who attack you in melee.


Message History

The steam dragon barely misses you. The steam dragon claws you.
The steam dragon attacks as you move away!
The steam dragon bites you but does no damage.
The steam dragon claws you but does no damage.
You are engulfed in a cloud of scalding steam.
Unknown command.
You closely miss the steam dragon. You headbutt the steam dragon.
The steam dragon is moderately wounded.
An orc wizard comes into view. It is wielding a +0 dagger.
The steam dragon closely misses you. x2
You closely miss the steam dragon.
The steam dragon is moderately wounded.
The steam dragon barely misses you. The steam dragon claws you.
You hit the steam dragon but do no damage.
The steam dragon is moderately wounded.
You block the steam dragon's attack. The steam dragon claws you.
You hit the steam dragon. Your headbutt misses the steam dragon.
The steam dragon is moderately wounded.
The steam dragon bites you.
The steam dragon claws you but does no damage.
You hit the steam dragon but do no damage.
Your headbutt misses the steam dragon.
The steam dragon is moderately wounded.
The steam dragon bites you. The steam dragon barely misses you.
An orc comes into view. It is wielding a +0 flail.
The steam dragon breathes steam at you.
The ball of steam hits the steam dragon!
The steam dragon resists.
The ball of steam hits you!
* * * LOW HITPOINT WARNING * * *
You slash the steam dragon!
You kill the steam dragon!
You are engulfed in a cloud of scalding steam.
* * * LOW HITPOINT WARNING * * *
An orc comes into view. It is wielding a +0 dagger.
Your Fighting skill increases to level 7!
Unknown command.
You hit the orc wizard.
The orc wizard is moderately wounded.
You are engulfed in a cloud of scalding steam.
You die...

##.####.# #..#
.... ..# #..#
##.# ### #..###
# ..# #..#.. .#
#..#.# ##.#
#..#.# ...
#..#.###.###.o.
#..#.##oD.o<...
#..#.#@###.####
#......#
##.#.#.#
.........
###......##
###......
########


You could see a steam dragon (catching breath) and an orc wizard.

Vanquished Creatures
  A steam dragon (D:5)
  A black bear (D:5)
  An ogre (D:5)
  A phantom (D:5)
  11 scorpions
  2 howler monkeys
  3 centaur zombies (Ossuary)
  A hound (D:4)
  3 human zombies (Ossuary)
  A jelly (D:5)
  2 iguanas (D:5)
  2 scorpion zombies (Ossuary)
  3 mummies (Ossuary)
  12 gnolls
  2 adders (D:3)
  A dart slug (D:5)
  8 orcs
  5 ball pythons
  3 bats
  5 endoplasms
  A giant cockroach (D:3)
  3 goblins
  5 hobgoblins
  3 jackals (D:2)
  7 kobolds
  2 quokkas
  3 frilled lizards (D:1)
  A goblin zombie (Ossuary)
  5 hobgoblin zombies (Ossuary)
  A kobold zombie (Ossuary)
  4 orc zombies (Ossuary)
  4 rats
107 creatures vanquished.

Notes
Turn   | Place    | Note
-------+----------+-------------------------------------------
     0 | D:1      | Peloso the Minotaur Fighter began the quest for the Orb.
     0 | D:1      | Reached XP level 1. HP: 19/19 MP: 0/0
   283 | D:1      | Reached XP level 2. HP: 27/27 MP: 1/1
   867 | D:2      | Found a sparkling altar of Nemelex Xobeh.
   910 | D:2      | Reached XP level 3. HP: 33/33 MP: 2/2
  1165 | D:2      | Reached skill level 1 in Dodging
  1171 | D:2      | Reached XP level 4. HP: 15/41 MP: 3/3
  1306 | D:2      | Found a faded altar of an unknown god.
  1704 | D:3      | Reached skill level 3 in Long Blades
  2020 | D:4      | Reached XP level 5. HP: 34/47 MP: 4/4
  2067 | D:4      | Reached skill level 4 in Long Blades
  2134 | D:4      | Found a glowing golden altar of the Shining One.
  2261 | D:4      | Found a sand-covered staircase.
  2268 | Ossuary  | Entered an ossuary
  2406 | Ossuary  | Reached XP level 6. HP: 50/53 MP: 5/5
  2459 | Ossuary  | Reached skill level 5 in Long Blades
  2459 | Ossuary  | Reached skill level 5 in Armour
  2459 | Ossuary  | Reached skill level 5 in Shields
  2461 | Ossuary  | Reached skill level 5 in Fighting
  2548 | Ossuary  | Reached XP level 7. HP: 50/61 MP: 6/6
  2556 | Ossuary  | Reached skill level 6 in Long Blades
  2747 | Ossuary  | Reached skill level 7 in Long Blades
  2771 | Ossuary  | Reached skill level 8 in Long Blades
  2771 | Ossuary  | Reached XP level 8. HP: 50/69 MP: 7/7
  3310 | D:5      | Entered Level 5 of the Dungeon
  3310 | D:5      | Found a snail-covered altar of Cheibriados.
  3503 | D:5      | Identified the +0 robe "Ufoa" {Str+2 Int+2}
  3580 | D:5      | Found a transporter.
  3585 | D:5      | Found a hide-covered altar of Uskayaw.
  3633 | D:5      | Identified the +2 scale mail "Maasutt" {Rampage rPois rN+
                  | rCorr}
  3755 | D:5      | Noticed mihai's ghost (novice DECj)
  3799 | D:5      | Found a transporter.
  3903 | D:5      | Found a sacrificial altar of Ru.
  3969 | D:5      | HP: 1/71 [steam dragon] (10)]
  3970 | D:5      | Engulfed by a steam dragon's steam

Illustrated notes

Levels and vault maps discovered:
D:1:      nicolae_arrival_memento_mori, layout_loops_cross,
          grunt_decor_one_mirror, minmay_crystal_room, dreamdust_wishing_well
D:2:      layout_basic, basic_altar, shapermc_ecumenical_altar_pompeii
D:3:      layout_basic
D:4:      layout_gridville, tso_altar, chequers_ossuary_entry_cave, hex_medium
D:5:      kennysheep_steamy, layout_loops_ring, nicolae_ru_sacrificial_ziggurat,
          mainiacjoe_overflow_cross_hatched, mainiacjoe_overflow_paths,
          gammafunk_ghost_gnarly_gnolls

Skill      XL: |  1  2  3  4  5  6  7  8 |
---------------+-------------------------+-----
Shields        | 4 5 |  5.9
Armour         | 4 5 6 |  6.5
Fighting       | 4 5 7 |  7.0
Dodging        | 1 2 |  2.2
Long Blades    | 3 4 5 8 |  8.9
Stealth        | |  0.6
Evocations     | |  0.4

Action                     |  1- 3 |  4- 6 |  7- 9 || total
---------------------------+-------+-------+-------++-------
  Melee: Long sword        |    55 |   135 |   142 ||   332
         Headbutt          |     7 |    23 |    37 ||    67
  Evoke: Wand              |       |     5 |       ||     5
    Use: Potion            |     5 |     1 |     1 ||     7
         Scroll            |       |     4 |     7 ||    11
 Armour: Scale mail        |    32 |       |       ||    32
         Chain mail        |       |    88 |    98 ||   186
  Dodge: Dodged            |    27 |    68 |    68 ||   163
  Block: Buckler           |    17 |    47 |    43 ||   107
